 Dungeon Crawl Stone Soup version 0.25-a0-589-g1e14c549ee (webtiles) character file.

Game seed: 17709857848037810660, levelgen mode: deterministic

268 Amnesiac the Prestidigitator (level 6, 46/50 HPs)
             Began as a Deep Dwarf Artificer on Mar 12, 2020.
             Was an Initiate of Ru.
             Quit the game on level 4 of the Dungeon.
             The game lasted 00:11:09 (2470 turns).

Amnesiac the Prestidigitator (Deep Dwarf Artificer) Turns: 2470, Time: 00:11:10

Health: 46/50      AC:  9    Str: 17    XL:     6   Next: 1%
Magic:  9/9        EV:  8    Int: 12    God:    Ru [......]
Gold:   100        SH:  0    Dex: 15    Spells: 5/5 levels left

rFire    . . .     SeeInvis .   a - +2 dagger (speed)
rCold    . . .     Gourm    .   (no shield)
rNeg     . . .     Faith    .   v - +0 chain mail
rPois    .         Spirit   .   (no helmet)
rElec    .         Reflect  .   i - +0 cloak (curse)
rCorr    .         Harm     .   (no gloves)
MR       .....                  (no boots)
Stlth    ..........             (no amulet)
HPRegen  0.00/turn              o - +2 ring of dexterity (curse)
MPRegen  0.11/turn              t - +1 ring of evasion

@: non-regenerating
A: damage resistance, heal wounds, sense surroundings 1, no regeneration
a: Heal Wounds, Sacrifice Words, Sacrifice Health, Sacrifice Skill, Reject
Sacrifices, Renounce Religion


You were on level 4 of the Dungeon.
You worshipped Ru.
Ru was noncommittal.
You were not hungry.

You visited 1 branch of the dungeon, and saw 4 of its levels.

You collected 100 gold pieces.

Inventory:

Hand Weapons
 a - a +2 dagger of speed (weapon)
 m - a +0 short sword
 q - a +0 war axe
Missiles
 b - 14 poisoned darts (quivered)
Armour
 i - a cursed +0 cloak (worn)
 v - a +0 chain mail (worn)
Jewellery
 o - a cursed +2 ring of dexterity (left hand)
 t - a +1 ring of evasion (right hand)
Wands
 c - a wand of flame (4)
 d - a wand of enslavement (15)
 e - a wand of random effects (13)
Scrolls
 l - 2 scrolls of teleportation {!r}
 n - a scroll of enchant armour {!r, unknown}
 p - a scroll of random uselessness {!r, unknown}
 r - a scroll of identify {!r, unknown}
 u - a scroll of amnesia {!r}
Potions
 h - 2 potions of curing {!q}
 j - a potion of lignification {!q}
 s - 2 potions of haste {!q, unknown}
Comestibles
 f - 8 rations
 g - 3 chunks of flesh


   Skills:
 - Level 0.8 Fighting
 - Level 0.8 Short Blades
 - Level 2.1 Dodging
 - Level 1.2 Stealth
 + Level 8.9 Evocations


You had 5 spell levels left.
You didn't know any spells.
Your spell library contained the following spells:

 Spells                   Type           Power        Failure   Level  Hunger
 Magic Dart               Conj           #...         99%         1    ##.....
 Blink                    Tloc           N/A          100%        2    ###....
 Call Imp                 Summ           #.......     100%        2    ###....
 Slow                     Hex            #.......     100%        2    ###....
 Conjure Flame            Conj/Fire      #.......     100%        3    ####...
 Mephitic Cloud           Conj/Pois/Air  #.......     100%        3    ####...


Dungeon Overview and Level Annotations

Branches:
Dungeon (4/15)
 Temple: D:4-7

Altars:
Elyvilon
Makhleb
Okawaru
Ru


Innate Abilities, Weirdness & Mutations

You are resistant to damage.
You can heal yourself by infusing magical energy.
You passively map a small area around you.
You do not regenerate.


Message History

The adder is almost dead.
The adder bites you.
You closely miss the adder.
The adder is almost dead.
The adder bites you.
You hit the adder.
You kill the adder!
You have reached level 6!
Your experience leads to an increase in your attributes!
Your base attributes are Str 16, Int 12, Dex 13.
Increase (S)trength, (I)ntelligence, or (D)exterity?
You feel stronger.
Search for what [Enter for "bod", or ? for help]?
s - 2 black potions {!q} (gained 1) Search for what [Enter for "bod", or ? for help]?
There is a stone staircase leading up here.
You climb upwards.
There is a stone staircase leading down here.
You see here a +0 mace.
Things that are here:
a +0 chain mail; a +0 hand axe; a kobold skeleton
v - a +0 chain mail You start removing your armour.
You continue taking off your +0 ring mail. x4
You finish taking off your +0 ring mail.
You start putting on your armour.
You continue putting on your +0 chain mail. x5
You finish putting on your +0 chain mail.
Drop what? 22/52 slots (_ for help) (? for menu, Esc to quit)
You drop a +0 ring mail.
t - a +1 ring of evasion (right hand)
You see here a +0 mace.
There is an escape hatch in the floor here.
You slide downwards.
The hatch slams shut behind you.
Found a robe.
Found a scroll labeled OFAFAANTUO and 6 gold pieces.
An iguana comes into view.
Evoke which item? (* to show all) (? for menu, Esc to quit)
Aiming: Throw Flame
Press: ? - help, Shift-Dir - straight line, f - iguana
Aim: an iguana (hasn't noticed you)
The puff of flame hits the iguana.
The iguana is moderately wounded.
The iguana hisses angrily.
Ru believes you are ready to make a new sacrifice.
Ru asks you to sacrifice your skill.
This is an incredible sacrifice.
Piety after sacrifice: **....
Do you really want to make this sacrifice?
Okay, then.
Unknown command.
Ru asks you to sacrifice your ability to read while threatened.
This is a major sacrifice.
Piety after sacrifice: *.....
Do you really want to make this sacrifice?
Okay, then.
Ru asks you to corrupt yourself such that: you have somewhat slow reflexes. (EV -5).
This is a significant sacrifice.
Piety after sacrifice: *.....
Do you really want to make this sacrifice?
Okay, then.
Ru asks you to sacrifice your ability to read while threatened.
This is a major sacrifice.
Piety after sacrifice: *.....
Do you really want to make this sacrifice?
Okay, then.
Okay, then.
Are you sure you want to abandon this character and quit the game? (Confirm with "yes".)

#.# , ###..
, * *#.....
, ###...#
##.....#
#......#
#.#.#####..
#[#.#......
#.#@'?..'l.,
, ,
#.#.#...#..
, #.#.##..#
,,
..#..,.#.$,
, * ##### #
.. * * #, *
, , , ,


You could see an iguana.

Vanquished Creatures
  An ogre (D:4)
  An orc priest (D:3)
  5 adders
  2 adder skeletons (D:4)
  2 worms
  2 dart slugs
  4 leopard geckos
  13 orcs
  2 ball pythons
  2 bats (D:3)
  6 giant cockroaches
  11 goblins
  8 hobgoblins
  2 quokkas (D:3)
  4 frilled lizards
  8 kobolds
  3 rats (D:2)
76 creatures vanquished.

Vanquished Creatures (others)
  A bat (D:1)
1 creature vanquished.

Grand Total: 77 creatures vanquished

Notes
Turn   | Place    | Note
-------+----------+-------------------------------------------
     0 | D:1      | Amnesiac the Deep Dwarf Artificer began the quest for the
                  | Orb.
     0 | D:1      | Reached XP level 1. HP: 16/16 MP: 3/3
    70 | D:1      | You fall into a shaft and drop 1 floor!
   129 | D:2      | Reached XP level 2. HP: 13/24 MP: 5/5
   172 | D:1      | Reached skill level 5 in Evocations
   622 | D:2      | Found an iron altar of Okawaru.
   658 | D:2      | Reached XP level 3. HP: 11/30 MP: 7/7
  1014 | D:2      | Reached skill level 6 in Evocations
  1139 | D:2      | Reached XP level 4. HP: 8/37 MP: 8/8
  1462 | D:3      | Found a sacrificial altar of Ru.
  1469 | D:3      | Became a worshipper of Ru the Awakened
  1607 | D:3      | Found a burning altar of Makhleb.
  1619 | D:3      | Reached skill level 7 in Evocations
  1858 | D:3      | Found a white marble altar of Elyvilon.
  1953 | D:3      | Reached XP level 5. HP: 29/43 MP: 9/9
  2119 | D:3      | Reached skill level 8 in Evocations
  2233 | D:4      | Noticed an ogre
  2238 | D:4      | Killed an ogre
  2381 | D:4      | Reached XP level 6. HP: 46/50 MP: 9/9
  2470 | D:4      | Quit the game

Levels and vault maps discovered:
D:1:      ncdulo_halloftheorcs, layout_rooms
D:2:      layout_rooms, lemuel_coloured_pillars_altar, serial_corexii_hall,
          corexii_hall_statues_l, corexii_hall_statues_i
D:3:      layout_rooms, lightli_temple_of_fire, lemuel_round_altar,
          first_ration, elyvilon_altar_3
D:4:      layout_loops_ring, overflow_temple_1_default,
          yredelemnul_altar_generic, evilmike_ruin_ashenzari, uniq_ijyb

Skill      XL: |  1  2  3  4  5 |
---------------+----------------+-----
Evocations     | 5 6 7 8 |  8.9
Fighting       | |  0.8
Short Blades   | |  0.8
Dodging        | |  2.1
Stealth        | |  1.2

Action                   |  1- 3 |  4- 6 || total
-------------------------+-------+-------++-------
Melee: Short sword       |    96 |       ||    96
       Dagger            |    29 |   225 ||   254
Throw: Dart              |       |    12 ||    12
 Abil: Heal Wounds       |       |     5 ||     5
Evoke: Wand              |     4 |     9 ||    13
  Use: Potion            |     3 |       ||     3
       Scroll            |     2 |       ||     2
 Stab: Sleeping          |     1 |     1 ||     2
       Distracted        |     2 |     1 ||     3
  Eat: Chunk             |     1 |     4 ||     5
Armor: Leather armour    |    12 |       ||    12
       Ring mail         |    50 |    52 ||   102
Dodge: Dodged            |   133 |   101 ||   234

Table legend:
 A = Non-vault XP
 B = Vault XP
 C = Vault XP percentage of total XP
 D = Non-vault monster count
 E = Vault monster count
 F = Vault count percentage of total count
                 A         B        C        D         E       F
            +---------+---------+-------+---------+---------+-------
      Total |     384 |       0 |   0.0 |      76 |       0 |   0.0
            +---------+---------+-------+---------+---------+-------
        D:1 |      33 |       0 |   0.0 |      16 |       0 |   0.0
        D:2 |      78 |       0 |   0.0 |      21 |       0 |   0.0
        D:3 |     132 |       0 |   0.0 |      34 |       0 |   0.0
        D:4 |     141 |       0 |   0.0 |       5 |       0 |   0.0
            +---------+---------+-------+---------+---------+-------
